 Dungeon Crawl Stone Soup version 0.29.1-1-gd02db6906a (webtiles) character file.

Game seed: 17967302342172093845

3994 LustLizard the Covert (level 10, -11/51 HPs)
             Began as a Spriggan Hunter on Oct 12, 2022.
             Was a Priest of Dithmenos.
             Killed from afar by a steam dragon (24 damage)
             ... with a ball of steam
             ... on level 8 of the Dungeon.
             The game lasted 00:22:25 (12735 turns).

LustLizard the Covert (Spriggan Hunter)            Turns: 12735, Time: 00:22:25

Health: -11/51     AC:  3    Str:  7    XL:     10   Next: 3%
Magic:  11/11      EV: 27    Int: 12    God:    Dithmenos [***...]
Gold:   557        SH:  0    Dex: 34    Spells: 3/9 levels left

rFire   . . .      SeeInvis +   a - +1 shortbow
rCold   . . .      Faith    .   (shield currently unavailable)
rNeg    . . .      Spirit   .   c - +0 robe
rPois   .          Reflect  .   (helmet restricted)
rElec   .          Harm     .   D - +0 cloak
rCorr   .          Rampage  .   (gloves unavailable)
Will    +....                   (boots unavailable)
Stlth   ++++++++..              (no amulet)
HPRegen 0.17/turn               G - +6 ring of dexterity
MPRegen 0.12/turn               v - +6 ring of dexterity

@: wreathed by umbra, very quick
A: very small, no large weapons, unfitting armour, see invisible, speed 3
a: Renounce Religion, Shadow Step


You were on level 8 of the Dungeon.
You worshipped Dithmenos.
Dithmenos was most pleased with you.
You visited 1 branch of the dungeon, and saw 8 of its levels.

You collected 557 gold pieces.

Inventory:

Hand Weapons
 a - a +1 shortbow (weapon)
 x - a +0 sling of freezing
Missiles
 B - a throwing net
Armour
 c - a +0 robe (worn)
 D - a +0 cloak (worn)
 F - a +2 buckler of reflection
Jewellery
 t - a ring of wizardry
 v - a +6 ring of dexterity (right hand)
 w - a ring of protection from cold
 G - a +6 ring of dexterity (left hand)
 I - a ring of poison resistance
Wands
 u - a wand of flame (16)
 C - a wand of acid (3)
 H - a wand of charming (6)
Scrolls
 b - a scroll of immolation
 e - 2 scrolls of enchant armour {unknown}
 g - 2 scrolls of fear
 h - a scroll of fog {unknown}
 i - a scroll of brand weapon {unknown}
 j - 2 scrolls of enchant weapon
 m - 4 scrolls of vulnerability
 p - 4 scrolls of amnesia
 q - 2 scrolls of poison {unknown}
 s - 2 scrolls of noise
 y - a scroll of blinking {unknown}
 E - 2 scrolls of teleportation {unknown}
Potions
 d - 2 potions of brilliance
 f - 4 potions of lignification
 k - 4 potions of curing
 l - a potion of haste
 n - 3 potions of heal wounds
 o - 2 potions of flight
 r - a potion of attraction {unknown}
 z - a potion of experience {unknown}
 A - 3 potions of mutation
 J - a potion of berserk rage {unknown}
 K - a potion of degeneration {unknown}


   Skills:
 + Level 4.5 Fighting
 * Level 8.3 Ranged Weapons
 + Level 7.1 Dodging
 * Level 11.2 Stealth
 - Level 2.0 Conjurations
 + Level 3.9 Transmutations
 + Level 2.5 Fire Magic
 + Level 2.6 Air Magic
 + Level 3.0 Poison Magic


You had 3 spell levels left.
You knew the following spells:

 Your Spells              Type           Power      Damage    Failure   Level
a - Mephitic Cloud        Conj/Pois/Air  6%         N/A       34%         3
b - Ignite Poison         Fire/Tmut/Pois 7%         N/A       26%         3

Your spell library contained the following spells:

 Spells                   Type           Power      Damage    Failure   Level
 Shock                    Conj/Air       20%        1d4       13%         1
 Passwall                 Tmut/Erth      3%         N/A       22%         2
 Sandblast                Erth           0%         2d4       32%         1
 Swiftness                Air            6%         N/A       34%         3
 Stone Arrow              Conj/Erth      4%         3d7       54%         3
 Airstrike                Air            3%         2d(1-17)  75%         4
 Freezing Cloud           Conj/Ice/Air   1%         6-21      99%         5


Dungeon Overview and Level Annotations

Branches:
Dungeon (8/15)             Temple (0/1) D:6
   Lair: D:8-11

Altars:
Ashenzari
Cheibriados
Dithmenos
Elyvilon
Fedhas
Hepliaklqana
Nemelex Xobeh
Okawaru
Qazlal
Ru
Uskayaw
Xom
Zin

Annotations:
D:7 exclusion: upstairs


Innate Abilities, Weirdness & Mutations

You are very small and have problems with some larger weapons.
You are too small for most types of armour.
You have supernaturally acute eyesight. (SInv)
You cover ground extremely quickly. (Speed+++)


Message History

The steam dragon breathes steam at you. The ball of steam hits you!!
Ouch! That really hurt!
You emit a cloud of dark smoke.
You are too injured to fight recklessly!
Fire: a) +1 shortbow
Press: ? - help, Q - select action, (/) - cycle Shift-Dir - straight line, f/p - steam dragon
Aim: a steam dragon (steam, severely wounded, catching its breath, umbra, 74% to hit)
You shoot an arrow. The arrow hits the steam dragon.
The steam dragon is severely wounded.
Fire: a) +1 shortbow
Press: ? - help, Q - select action, (/) - cycle Shift-Dir - straight line, f/p - steam dragon
Aim: a steam dragon (black smoke, severely wounded, umbra, 74% to hit)
Okay, then.
Fire: a) +1 shortbow
Press: ? - help, Q - select action, (/) - cycle Shift-Dir - straight line, f/p - steam dragon
Aim: a steam dragon (black smoke, severely wounded, umbra, 74% to hit)
You shoot an arrow.
The arrow hits the steam dragon but does no damage.
The steam dragon is severely wounded.
The steam dragon breathes steam at you. The ball of steam misses you.
Fire: a) +1 shortbow
Press: ? - help, Q - select action, (/) - cycle Shift-Dir - straight line, f/p - steam dragon
Aim: a steam dragon (black smoke, severely wounded, umbra, 74% to hit)
You shoot an arrow. The arrow hits the steam dragon.
The steam dragon is almost dead.
You are engulfed in a cloud of scalding steam.
The steam dragon bites you but does no damage.
The steam dragon misses you.
Fire: a) +1 shortbow
Press: ? - help, Q - select action, (/) - cycle Shift-Dir - straight line, f/p - steam dragon
Aim: a steam dragon (black smoke, almost dead, umbra, 74% to hit)
You shoot an arrow.
The arrow barely misses the steam dragon.
You are engulfed in a cloud of scalding steam.
* * * LOW HITPOINT WARNING * * *
The steam dragon breathes steam at you. The ball of steam hits you!!
You die...

###################
#......#.....§§...#
#......#.....§§§§§#
#......#.!...§§§§§#
#......##....##§§§#
##.....##....##D§§#
#.....##....#@§§.#
#......#....##§§.#
#......# ...##...#
#.....## §.##...#
#.....#####§##...#
####.....##§§D§#....#
#.........§§§§§#....#
#........).D§§§#....#
#.......)##§§..##...#


You could see a steam dragon (catching breath).

Vanquished Creatures
  Edmund (D:5)
  A water moccasin (D:7)
  3 ice beasts
  2 black bears
  2 centaurs
  4 ogres
  3 kobold brigands
  3 bullfrogs
  A gnoll sergeant (D:6)
  A necrophage (D:7)
  5 scorpions
  12 wights
  7 killer bees
  A vampire bat (D:5)
  A howler monkey (D:5)
  3 jellies (D:5)
  5 orc priests
  2 hounds (D:5)
  8 orc wizards
  Jessica (D:3)
  Ijyb (D:2)
  5 iguanas
  12 gnolls
  6 adders
  A white imp (D:7)
  A worm (D:2)
  3 dart slugs
  23 orcs
  15 bats
  7 endoplasms
  4 giant cockroaches
  14 goblins
  7 hobgoblins
  3 jackals (D:2)
  4 quokkas
  9 ball pythons
  6 frilled lizards
  15 kobolds
  6 rats
208 creatures vanquished.

Vanquished Creatures (others)
  4 fungi (D:3)
  21 plants
  5 toadstools (D:3)
30 creatures vanquished.

Grand Total: 238 creatures vanquished

Notes
Turn   | Place    | Note
-------+----------+-------------------------------------------
     0 | D:1      | LustLizard the Spriggan Hunter began the quest for the Orb.
     0 | D:1      | Reached XP level 1. HP: 10/10 MP: 2/2
    65 | D:1      | Reached skill level 2 in Stealth
   271 | D:1      | Reached XP level 2. HP: 13/15 MP: 3/3
   414 | D:1      | Found a faded altar of an unknown god.
  1071 | D:1      | Reached skill level 3 in Stealth
  1071 | D:1      | Reached XP level 3. HP: 12/18 MP: 4/4
  1405 | D:2      | Found a sacrificial altar of Ru.
  1822 | D:2      | Noticed Ijyb
  2079 | D:2      | You fall into a shaft and drop 2 floors!
  2128 | D:4      | Reached XP level 4. HP: 23/23 MP: 5/5
  2267 | D:3      | Reached skill level 4 in Stealth
  2562 | D:3      | Found a shadowy altar of Dithmenos.
  2577 | D:3      | Became a worshipper of Dithmenos the Shadowed
  2682 | D:3      | Noticed Jessica
  3379 | D:3      | Reached XP level 5. HP: 18/26 MP: 6/6
  3818 | D:3      | Reached skill level 5 in Ranged Weapons
  4313 | D:3      | Killed Jessica
  4314 | D:3      | Reached skill level 5 in Stealth
  4425 | D:4      | Noticed a black bear
  4601 | D:4      | Killed a black bear
  4602 | D:4      | Reached XP level 6. HP: 32/32 MP: 7/7
  4872 | D:4      | Reached skill level 6 in Stealth
  5003 | D:4      | Reached * piety under Dithmenos
  5147 | D:4      | Found a shimmering altar of Xom.
  5343 | D:4      | Reached XP level 7. HP: 36/36 MP: 8/8
  6188 | D:2      | Killed Ijyb
  6441 | D:5      | Entered Level 5 of the Dungeon
  6518 | D:4      | Reached skill level 7 in Stealth
  6572 | D:5      | Reached skill level 5 in Dodging
  6926 | D:5      | Noticed a +0 hand axe
  6927 | D:5      | Noticed a +0 dagger
  6929 | D:5      | Noticed Edmund
  6930 | D:5      | Found a hide-covered altar of Uskayaw.
  6975 | D:5      | Killed Edmund
  6976 | D:5      | Reached skill level 8 in Stealth
  7120 | D:5      | Reached XP level 8. HP: 30/40 MP: 9/9
  7407 | D:5      | Learned a level 3 spell: Mephitic Cloud
  7411 | D:5      | Learned a level 3 spell: Ignite Poison
  7830 | D:5      | Reached skill level 9 in Stealth
  7830 | D:5      | Reached skill level 1 in Transmutations
  7830 | D:5      | Reached skill level 1 in Poison Magic
  7850 | D:5      | Reached ** piety under Dithmenos
  8162 | D:5      | Reached skill level 1 in Air Magic
  8221 | D:6      | Found a glowing silver altar of Zin.
  8246 | D:5      | Reached skill level 1 in Fire Magic
  8376 | D:5      | Reached skill level 1 in Conjurations
  8564 | D:6      | Found a stormy altar of Qazlal.
  8726 | D:6      | Found a staircase to the Ecumenical Temple.
  8820 | D:6      | Found an iron altar of Okawaru.
  8870 | D:6      | Found a broken altar of Ashenzari.
  8975 | D:6      | Reached XP level 9. HP: 45/45 MP: 10/10
  9417 | D:6      | Found a white marble altar of Elyvilon.
 10012 | D:6      | Reached skill level 10 in Stealth
 11453 | D:7      | Found a sparkling altar of Nemelex Xobeh.
 11453 | D:7      | Found a snail-covered altar of Cheibriados.
 11588 | D:7      | Reached *** piety under Dithmenos
 11659 | D:7      | Found a hazy altar of Hepliaklqana.
 11906 | D:8      | Found a blossoming altar of Fedhas.
 11920 | D:8      | Reached skill level 11 in Stealth
 12677 | D:8      | Reached XP level 10. HP: 51/51 MP: 11/11
 12735 | D:8      | Killed from afar by a steam dragon

Illustrated notes

Levels and vault maps discovered:
D:1:      wander_arrival_lonely_grave, layout_loops_ring,
          ebering_ecumenical_altar_abandoned, minmay_liquid_box,
          minmay_distorted
D:2:      kennysheep_the_goblin_king, layout_basic, basic_altar,
          minmay_misc_feat_rows, grunt_ministairs_4, minivault_27
D:3:      layout_basic, nicolae_dithmenos_shadow_blocks,
          minmay_gold_behind_fungi, minmay_between, uniq_jessica, uniq_ijyb
D:4:      layout_loops_corners, tgw_xom, minmay_pentomino_pile
D:5:      black_bear_nest_2, layout_rooms, dancing_weapons_uskayaw,
          roderic_batcave, nicolae_figureground_pulse, uniq_edmund
D:6:      layout_basic, evilmike_ruin_ashenzari,
          mainiacjoe_overflow_cross_hatched,
          mainiacjoe_overflow_six_doors_small, mainiacjoe_overflow_24_doors,
          lemuel_coloured_pillars_altar, minmay_temple_entry_waves,
          kennysheep_generic_room_8
D:7:      layout_basic, marbit_many_paths, gammafunk_temple_overflow_statue
D:8:      layout_gridville, fedhas_altar_decomposition

Skill      XL: |  1  2  3  4  5  6  7  8  9 |
---------------+----------------------------+-----
Stealth        | 2 3 4 5 6 8 9 11 | 11.2
Dodging        | 3 4 5 6 7 |  7.1
Fighting       | 2 3 4 |  4.5
Ranged Weapons | 5 6 7 8 |  8.3
Transmutations | 2 3 |  3.9
Poison Magic   | 1 3 |  3.0
Air Magic      | 1 2 |  2.6
Fire Magic     | 1 2 |  2.5
Conjurations   | 1 2 |  2.0

Action                   |  1- 3 |  4- 6 |  7- 9 | 10-12 || total
-------------------------+-------+-------+-------+-------++-------
 Fire: Shortbow          |   118 |   160 |   557 |    23 ||   858
  Use: Scroll            |     3 |     2 |     7 |       ||    12
Armor: Robe              |     7 |     2 |     5 |     1 ||    15
Dodge: Dodged            |    47 |    17 |   255 |     9 ||   328
